| TOP OF THE 1ST |
|
Lakeland Pilots batting - Pitching for St. Petersburg Saints : RHP Tian-yun Liu
|
|
Pitching: RHP Tian-yun Liu
|
|
|
Batting: RHB Nick Capra
|
0-0: Ball 1-0: Foul Ball, location: 2F 1-1: Ball 2-1: Ground out 5-3 (Groundball, 5, EV 85.6 MPH)
|
|
Batting: RHB Dave C Anderson
|
0-0: Called Strike 0-1: Ball 1-1: Swinging Strike 1-2: Foul Ball, location: 2F 1-2: Ball 2-2: SINGLE (Flyball, 4MD, EV 93.1 MPH)
|
|
Batting: SHB Mike D Young
|
0-0: Called Strike 0-1: Ball 1-1: Ball 2-1: Fly out, F3 (Popup, 23F, EV 88.1 MPH)
|
|
Batting: LHB Mike Laga
|
0-0: Foul Ball, location: 2F 0-1: Called Strike 0-2: Ball Dave C Anderson is caught stealing 2nd base 2-6
|
| Top of the 1st over - 0 runs, 1 hit, 0 errors, 0 left on base; Lakeland 0 - St. Petersburg 0 |
| BOTTOM OF THE 1ST |
|
St. Petersburg Saints batting - Pitching for Lakeland Pilots : RHP Emilio Bejar
|
|
Pitching: RHP Emilio Bejar
|
|
|
Batting: RHB Jeff Pyburn
|
0-0: Called Strike 0-1: Called Strike 0-2: Ball 1-2: Fly out, F8 (Flyball, 8RD, EV 106.9 MPH)
|
|
Batting: LHB Al Leboeuf
|
0-0: Called Strike 0-1: Called Strike 0-2: Ball 1-2: DOUBLE (Flyball, 8LXD, EV 103.8 MPH)
|
|
Batting: LHB Terry Blocker
|
0-0: Called Strike 0-1: Ball 1-1: Ball 2-1: Ball 3-1: Base on Balls
|
|
Batting: RHB Rock Coyle
|
0-0: Ball 1-0: Fly out, F7 (Flyball, 7S, EV 83.1 MPH)
|
|
Batting: RHB Ric Despaux
|
0-0: Foul Ball, location: 2F 0-1: Ball 1-1: Foul Ball, location: 2F 1-2: Ball 2-2: Foul Ball, location: 2F 2-2: Foul Ball, location: 2F 2-2: Foul Ball, location: 2F 2-2: Foul Ball, location: 2F 2-2: Ball 3-2: Strikes out swinging
|
| Bottom of the 1st over - 0 runs, 1 hit, 0 errors, 2 left on base; Lakeland 0 - St. Petersburg 0 |
| TOP OF THE 2ND |
|
Lakeland Pilots batting - Pitching for St. Petersburg Saints : RHP Tian-yun Liu
|
|
Batting: LHB Mike Laga
|
0-0: Foul Ball, location: 2F 0-1: Reached via error on a dropped throw from 1B, E1 (Groundball, 23, EV 90.0 MPH)
|
|
Batting: LHB Randy S Johnson
|
0-0: Ball 1-0: Ball 2-0: TRIPLE (Line Drive, 89XD, EV 100.0 MPH) Mike Laga scores
|
|
Batting: RHB Rusty Tillman
|
0-0: Called Strike 0-1: Ball 1-1: Ball 2-1: Swinging Strike 2-2: Foul Ball, location: 2F 2-2: Ball 3-2: Base on Balls
|
|
Batting: RHB Victor Saenz
|
0-0: Ball Wild Pitch! Randy S Johnson scores Rusty Tillman to second 1-0: Called Strike 1-1: SINGLE (Groundball, 6MD, EV 110.6 MPH) Rusty Tillman to third Runner from 3rd tries for Home, SAFE, throw by CF to home
|
|
Batting: RHB Juan Espino
|
0-0: Ball 1-0: Foul Ball, location: 2F 1-1: SINGLE (Groundball, 4MD, EV 82.5 MPH) (infield hit) Victor Saenz to second
|
|
Batting: RHB Alex Sanchez
|
0-0: Swinging Strike 0-1: Swinging Strike 0-2: Ball 1-2: Fielders Choice at 2nd, 1-6 (Groundball, 13S, EV 63.8 MPH) Victor Saenz to third
|
|
Batting: RHB Nick Capra
|
0-0: Ball 1-0: Ball 2-0: Ball 3-0: Called Strike 3-1: Base on Balls Alex Sanchez to second
|
|
Batting: RHB Dave C Anderson
|
0-0: Foul Ball, location: 2F 0-1: Called Strike 0-2: Ball 1-2: Ball 2-2: Ball 3-2: Foul Ball, location: 2F 3-2: Foul Ball, location: 2F 3-2: Base on Balls Victor Saenz scores Alex Sanchez to third Nick Capra to second
|
|
Batting: SHB Mike D Young
|
0-0: Called Strike 0-1: Called Strike 0-2: Strikes out swinging
|
|
Batting: LHB Mike Laga
|
0-0: Ball 1-0: Swinging Strike 1-1: Foul Ball, location: 2F 1-2: Ball 2-2: Ball 3-2: Foul Ball, location: 2F 3-2: DOUBLE (Line Drive, 7LM, EV 106.9 MPH) Alex Sanchez scores Nick Capra scores Dave C Anderson to third Dave C Anderson scores
|
|
Batting: LHB Randy S Johnson
|
0-0: Ball 1-0: Ground out 4-3 (Groundball, 4, EV 83.1 MPH)
|
| Top of the 2nd over - 7 runs, 4 hits, 1 error, 1 left on base; Lakeland 7 - St. Petersburg 0 |
| BOTTOM OF THE 2ND |
|
St. Petersburg Saints batting - Pitching for Lakeland Pilots : RHP Emilio Bejar
|
|
Batting: RHB Jerry Johnson
|
0-0: Ball 1-0: Ball 2-0: Foul Ball, location: 2F 2-1: Swinging Strike 2-2: Ball 3-2: Strikes out swinging
|
|
Batting: RHB Randy Ingle
|
0-0: Ball 1-0: Ball 2-0: Ball 3-0: Base on Balls
|
|
Batting: RHB Roberto Alvarez
|
0-0: Ball 1-0: Foul Ball, location: 2F 1-1: Foul Ball, location: 2F 1-2: Fly out, F9 (Line Drive, 9, EV 89.4 MPH)
|
|
Batting: RHB Pablo Carballo
|
0-0: Called Strike 0-1: Fly out, F2 (Popup, 2RF, EV 95.6 MPH)
|
| Bottom of the 2nd over - 0 runs, 0 hits, 0 errors, 1 left on base; Lakeland 7 - St. Petersburg 0 |
| TOP OF THE 3RD |
|
Lakeland Pilots batting - Pitching for St. Petersburg Saints : RHP Tian-yun Liu
|
|
Batting: RHB Rusty Tillman
|
0-0: Called Strike 0-1: Foul Ball, location: 2F 0-2: Fly out, F8 (Flyball, 89M, EV 92.5 MPH)
|
|
Batting: RHB Victor Saenz
|
0-0: Called Strike 0-1: Swinging Strike 0-2: Strikes out swinging
|
|
Batting: RHB Juan Espino
|
0-0: Foul Ball, location: 2F 0-1: Ball 1-1: Called Strike 1-2: Strikes out swinging
|
| Top of the 3rd over - 0 runs, 0 hits, 0 errors, 0 left on base; Lakeland 7 - St. Petersburg 0 |
| BOTTOM OF THE 3RD |
|
St. Petersburg Saints batting - Pitching for Lakeland Pilots : RHP Emilio Bejar
|
|
Batting: RHB Jeff Pyburn
|
0-0: Called Strike 0-1: Ball 1-1: Ball 2-1: Ball 3-1: Base on Balls
|
|
Batting: LHB Al Leboeuf
|
0-0: Fly out, F9 (Line Drive, 9, EV 93.8 MPH)
|
|
Batting: LHB Terry Blocker
|
0-0: Called Strike 0-1: Ball 1-1: Foul Ball, location: 2F 1-2: Fielders Choice at 2nd, 1-6 (Groundball, 23, EV 72.5 MPH)
|
|
Batting: RHB Rock Coyle
|
0-0: Called Strike 0-1: Ball 1-1: Called Strike 1-2: Ball Terry Blocker steals 2nd base (no throw) 2-2: Ball 3-2: Fly out, F5 (Popup, 56S, EV 79.4 MPH)
|
| Bottom of the 3rd over - 0 runs, 0 hits, 0 errors, 1 left on base; Lakeland 7 - St. Petersburg 0 |
| TOP OF THE 4TH |
|
Lakeland Pilots batting - Pitching for St. Petersburg Saints : RHP Tian-yun Liu
|
|
Batting: RHB Alex Sanchez
|
0-0: Ball 1-0: Ball 2-0: Called Strike 2-1: Ball 3-1: Foul Ball, location: 2F 3-2: Fly out, F8 (Flyball, 8RD, EV 91.9 MPH)
|
|
Batting: RHB Nick Capra
|
0-0: Ball 1-0: Ball 2-0: Foul Ball, location: 2F 2-1: Fly out, F9 (Line Drive, 9, EV 88.8 MPH)
|
|
Batting: RHB Dave C Anderson
|
0-0: Ball 1-0: Called Strike 1-1: Swinging Strike 1-2: Strikes out swinging
|
| Top of the 4th over - 0 runs, 0 hits, 0 errors, 0 left on base; Lakeland 7 - St. Petersburg 0 |
| BOTTOM OF THE 4TH |
|
St. Petersburg Saints batting - Pitching for Lakeland Pilots : RHP Emilio Bejar
|
|
Batting: RHB Ric Despaux
|
0-0: Ground out 5-3 (Groundball, 56, EV 85.0 MPH)
|
|
Batting: RHB Jerry Johnson
|
0-0: Called Strike 0-1: Foul Ball, location: 2F 0-2: Foul Ball, location: 2F 0-2: Ball 1-2: Foul Ball, location: 2F 1-2: Fly out, F8 (Line Drive, 8LD, EV 98.1 MPH)
|
|
Batting: RHB Randy Ingle
|
0-0: SOLO HOME RUN (Flyball, 7D, EV 96.3 MPH), Distance : 380 ft
|
|
Batting: RHB Roberto Alvarez
|
0-0: Ball 1-0: Swinging Strike 1-1: Ball 2-1: Ball 3-1: Ground out 6-3 (Groundball, 6, EV 91.3 MPH)
|
| Bottom of the 4th over - 1 run, 1 hit, 0 errors, 0 left on base; Lakeland 7 - St. Petersburg 1 |
| TOP OF THE 5TH |
|
Lakeland Pilots batting - Pitching for St. Petersburg Saints : RHP Tian-yun Liu
|
|
Batting: SHB Mike D Young
|
0-0: Ball 1-0: Fly out, F6 (Popup, 5D, EV 65.6 MPH)
|
|
Batting: LHB Mike Laga
|
0-0: Called Strike 0-1: Called Strike 0-2: Foul Ball, location: 2F 0-2: Ground out 6-3 (Groundball, 6, EV 89.4 MPH)
|
|
Batting: LHB Randy S Johnson
|
0-0: Called Strike 0-1: Hit by Pitch
|
|
Pitching: RHP Michael Nedelisky
|
|
|
Batting: RHB Rusty Tillman
|
0-0: Fly out, F8 (Flyball, 8RD, EV 88.8 MPH)
|
| Top of the 5th over - 0 runs, 0 hits, 0 errors, 1 left on base; Lakeland 7 - St. Petersburg 1 |
| BOTTOM OF THE 5TH |
|
St. Petersburg Saints batting - Pitching for Lakeland Pilots : RHP Emilio Bejar
|
|
Batting: RHB Pablo Carballo
|
0-0: Ball 1-0: Ball 2-0: Foul Ball, location: 2F 2-1: Ball 3-1: Foul Ball, location: 2F 3-2: Strikes out swinging
|
|
Batting: RHB Jeff Pyburn
|
0-0: Ball 1-0: Ball 2-0: Ball 3-0: Base on Balls
|
|
Batting: LHB Al Leboeuf
|
0-0: Ball 1-0: Ball 2-0: Ball 3-0: Base on Balls Jeff Pyburn to second
|
|
Batting: LHB Terry Blocker
|
0-0: Fielders Choice at 2nd, 4-6 (Groundball, 4M, EV 86.3 MPH) Jeff Pyburn to third
|
|
Batting: RHB Rock Coyle
|
0-0: Called Strike 0-1: Foul Ball, location: 2F 0-2: Ball 1-2: Ball 2-2: Ball 3-2: SINGLE (Groundball, 6MS, EV 71.3 MPH) (infield hit) Jeff Pyburn scores Terry Blocker to second
|
|
Batting: RHB Ric Despaux
|
0-0: Ball 1-0: Fly out, F8 (Flyball, 8RS, EV 81.3 MPH)
|
| Bottom of the 5th over - 1 run, 1 hit, 0 errors, 2 left on base; Lakeland 7 - St. Petersburg 2 |
| TOP OF THE 6TH |
|
Lakeland Pilots batting - Pitching for St. Petersburg Saints : RHP Michael Nedelisky
|
|
Batting: RHB Victor Saenz
|
0-0: Ball 1-0: Ball 2-0: Reached on error, E5 (Groundball, 5S, EV 65.0 MPH)
|
|
Batting: RHB Juan Espino
|
0-0: Called Strike 0-1: Ball 1-1: Grounds into double play, 6-4-3 (Groundball, 6, EV 86.3 MPH)
|
|
Batting: RHB Alex Sanchez
|
0-0: Called Strike 0-1: Foul Ball, location: 2F 0-2: Fly out, F7 (Flyball, 7, EV 71.9 MPH)
|
| Top of the 6th over - 0 runs, 0 hits, 1 error, 0 left on base; Lakeland 7 - St. Petersburg 2 |
| BOTTOM OF THE 6TH |
|
St. Petersburg Saints batting - Pitching for Lakeland Pilots : RHP Emilio Bejar
|
|
Batting: RHB Jerry Johnson
|
0-0: Ball 1-0: Foul Ball, location: 2F 1-1: Ground out 5-3 (Groundball, 56, EV 101.9 MPH)
|
|
Batting: RHB Randy Ingle
|
0-0: Ball 1-0: Called Strike 1-1: Swinging Strike 1-2: Ball 2-2: Foul Ball, location: 2F 2-2: Ball 3-2: Foul Ball, location: 2F 3-2: Fly out, F7 (Flyball, 7LS, EV 81.9 MPH)
|
|
Batting: RHB Roberto Alvarez
|
0-0: Swinging Strike 0-1: Ball 1-1: Ball 2-1: Fly out, F8 (Line Drive, 8LD, EV 106.9 MPH)
|
| Bottom of the 6th over - 0 runs, 0 hits, 0 errors, 0 left on base; Lakeland 7 - St. Petersburg 2 |
| TOP OF THE 7TH |
|
Lakeland Pilots batting - Pitching for St. Petersburg Saints : RHP Michael Nedelisky
|
|
Batting: RHB Nick Capra
|
0-0: Called Strike 0-1: Ball 1-1: Foul Ball, location: 2F 1-2: Fly out, F5 (Line Drive, 5, EV 66.9 MPH)
|
|
Batting: RHB Dave C Anderson
|
0-0: Swinging Strike 0-1: Ball 1-1: Foul Ball, location: 2F 1-2: Foul Ball, location: 2F 1-2: Ground out 5-3 (Groundball, 56S, EV 86.9 MPH)
|
|
Batting: SHB Mike D Young
|
0-0: Ball 1-0: Foul Ball, location: 2F 1-1: Ball 2-1: Called Strike 2-2: Ball 3-2: Base on Balls
|
|
Pitching: RHP Richard Robinson
|
|
|
Batting: LHB Mike Laga
|
0-0: Called Strike Mike D Young steals 2nd base 0-1: Ball 1-1: Ball 2-1: Foul Ball, location: 2F 2-2: Ball 3-2: Strikes out looking
|
| Top of the 7th over - 0 runs, 0 hits, 0 errors, 1 left on base; Lakeland 7 - St. Petersburg 2 |
| BOTTOM OF THE 7TH |
|
St. Petersburg Saints batting - Pitching for Lakeland Pilots : RHP Emilio Bejar
|
|
Batting: RHB Pablo Carballo
|
0-0: Ball 1-0: Called Strike 1-1: Foul Ball, location: 2F 1-2: Ball 2-2: Foul Ball, location: 2F 2-2: Strikes out swinging
|
|
Batting: RHB Jeff Pyburn
|
0-0: Called Strike 0-1: Ball 1-1: Called Strike 1-2: DOUBLE (Line Drive, 78D, EV 105.0 MPH)
|
|
Batting: LHB Al Leboeuf
|
0-0: Fly out, F8 (Flyball, 8RXD, EV 111.3 MPH) Runner from 2nd tags up, SAFE at 3rd, no throw by CF
|
|
Batting: LHB Terry Blocker
|
0-0: Ball 1-0: Foul Ball, location: 2F 1-1: Ball 2-1: 2-RUN HOME RUN (Flyball, 89XD, EV 101.3 MPH), Distance : 416 ft
|
|
Batting: RHB Rock Coyle
|
0-0: Ball 1-0: Called Strike 1-1: Ball 2-1: Ball 3-1: Foul Ball, location: 2F 3-2: Foul Ball, location: 2F 3-2: Strikes out looking
|
| Bottom of the 7th over - 2 runs, 2 hits, 0 errors, 0 left on base; Lakeland 7 - St. Petersburg 4 |
| TOP OF THE 8TH |
|
Lakeland Pilots batting - Pitching for St. Petersburg Saints : RHP Richard Robinson
|
|
Batting: LHB Randy S Johnson
|
0-0: SINGLE (Groundball, 56D, EV 105.6 MPH)
|
|
Batting: RHB Rusty Tillman
|
0-0: Swinging Strike 0-1: Called Strike 0-2: Ball 1-2: Ball 2-2: Strikes out swinging
|
|
Batting: RHB Victor Saenz
|
0-0: Called Strike 0-1: Ball 1-1: SINGLE (Groundball, 56D, EV 106.3 MPH) Randy S Johnson to second
|
|
Pitching: LHP James Haight
|
|
|
Batting: RHB Juan Espino
|
0-0: Ball 1-0: Swinging Strike 1-1: Fly out, F5 (Popup, 5SF, EV 76.3 MPH)
|
|
Batting: RHB Alex Sanchez
|
0-0: Fielders Choice at 2nd, 5-4 (Groundball, 5, EV 85.6 MPH)
|
| Top of the 8th over - 0 runs, 2 hits, 0 errors, 2 left on base; Lakeland 7 - St. Petersburg 4 |
| BOTTOM OF THE 8TH |
|
St. Petersburg Saints batting - Pitching for Lakeland Pilots : RHP Emilio Bejar
|
|
Batting: RHB Ric Despaux
|
0-0: Ball 1-0: Ball 2-0: Swinging Strike 2-1: DOUBLE (Flyball, 8RXD, EV 105.0 MPH)
|
|
Batting: RHB Jerry Johnson
|
0-0: Called Strike 0-1: Foul Ball, location: 2F 0-2: Ball 1-2: Ball 2-2: Foul Ball, location: 2F 2-2: Strikes out swinging
|
|
Batting: RHB Randy Ingle
|
0-0: Ball 1-0: Foul Ball, location: 2F 1-1: Foul Ball, location: 2F 1-2: Strikes out swinging
|
|
Batting: RHB Roberto Alvarez
|
0-0: Ground out 2-3 (Groundball, 15S, EV 70.0 MPH)
|
| Bottom of the 8th over - 0 runs, 1 hit, 0 errors, 1 left on base; Lakeland 7 - St. Petersburg 4 |
| TOP OF THE 9TH |
|
Lakeland Pilots batting - Pitching for St. Petersburg Saints : LHP James Haight
|
|
Batting: RHB Nick Capra
|
0-0: Foul Ball, location: 2F 0-1: Ball 1-1: Swinging Strike 1-2: Foul Ball, location: 2F 1-2: Ball 2-2: Ball 3-2: Foul Ball, location: 2F 3-2: Foul Ball, location: 2F 3-2: Foul Ball, location: 2F 3-2: Ground out 5-3 (Groundball, 56S, EV 70.6 MPH)
|
|
Batting: RHB Dave C Anderson
|
0-0: Called Strike 0-1: Ball 1-1: SINGLE (Groundball, 56S, EV 72.5 MPH) (infield hit)
|
|
Batting: SHB Mike D Young
|
0-0: Called Strike 0-1: Ball 1-1: Ball 2-1: Ball 3-1: Called Strike 3-2: 2-RUN HOME RUN (Flyball, 78XD, EV 98.1 MPH), Distance : 401 ft
|
|
Pitching: RHP Scott Dwyer
|
|
|
Batting: LHB Mike Laga
|
0-0: Ball 1-0: Ball 2-0: Ball 3-0: Base on Balls
|
|
Batting: LHB Randy S Johnson
|
0-0: Ball 1-0: Ball 2-0: Ball 3-0: Base on Balls Mike Laga to second
|
|
Batting: RHB Rusty Tillman
|
0-0: Ball 1-0: Called Strike 1-1: Ball 2-1: Ball 3-1: Grounds into double play, 6-4-3 (Groundball, 6, EV 90.0 MPH)
|
| Top of the 9th over - 2 runs, 2 hits, 0 errors, 1 left on base; Lakeland 9 - St. Petersburg 4 |
| BOTTOM OF THE 9TH |
|
St. Petersburg Saints batting - Pitching for Lakeland Pilots : RHP Emilio Bejar
|
|
Batting: RHB Pablo Carballo
|
0-0: Ball 1-0: Foul Ball, location: 2F 1-1: Ball 2-1: Foul Ball, location: 2F 2-2: Ball 3-2: Base on Balls
|
|
Pitching: RHP Julio Acevedo
|
|
|
Batting: RHB Jeff Pyburn
|
0-0: Foul Ball, location: 2F 0-1: Foul Ball, location: 2F 0-2: Fly out, F3 (Popup, 3S, EV 83.1 MPH)
|
|
Batting: LHB Al Leboeuf
|
0-0: Ball 1-0: DOUBLE (Line Drive, 7LS, EV 93.8 MPH) Pablo Carballo to third
|
|
Batting: LHB Terry Blocker
|
0-0: Ball 1-0: TRIPLE (Flyball, 8RXD, EV 99.4 MPH) Pablo Carballo scores Al Leboeuf scores
|
|
Batting: RHB Rock Coyle
|
0-0: Ball 1-0: Foul Ball, location: 2F 1-1: SINGLE (Groundball, 56S, EV 86.9 MPH) (infield hit) Terry Blocker scores
|
|
Pitching: RHP Joe Boever
|
|
|
Pinch Hitting: LHB Omar de la Torre
|
0-0: Ball 1-0: Ball 2-0: Swinging Strike 2-1: Foul Ball, location: 2F 2-2: Strikes out looking
|
|
Batting: RHB Jerry Johnson
|
0-0: Swinging Strike 0-1: Ball 1-1: Fly out, F8 (Flyball, 8LXD, EV 103.1 MPH)
|
| Bottom of the 9th over - 3 runs, 3 hits, 0 errors, 1 left on base; Lakeland 9 - St. Petersburg 7 |
|